 Dungeon Crawl Stone Soup version 0.23-a0-635-g88ca12a (webtiles) character file.

4628 EvilAliv3 the Cruncher (level 10, -4/79 HPs)
             Began as a Human Gladiator on Dec 26, 2018.
             Was an Initiate of Gozag.
             Slain by a cyclops (15 damage)
             ... on level 10 of the Dungeon on Dec 27, 2018.
             The game lasted 01:00:38 (11003 turns).

EvilAliv3 the Cruncher (Human Gladiator)           Turns: 11003, Time: 01:00:38

Health: -4/79      AC: 14    Str: 18    XL:     10   Next: 70%
Magic:  13/13      EV: 11    Int:  9    God:    Gozag
Gold:   367        SH:  0    Dex: 14    Spells: 9/9 levels left

rFire    + . .     SeeInvis .   a - +1 quarterstaff
rCold    . . .     Gourm    .   (shield currently unavailable)
rNeg     . . .     Faith    .   K - +1 scale mail {rF+}
rPois    .         Spirit   .   F - +0 helmet
rElec    .         Reflect  .   w - +0 cloak
rCorr    .         Harm     .   y - +1 pair of gloves
MR       .....                  b - +0 pair of boots
Stlth    ..........             (no amulet)
HPRegen  0.23/turn              (no ring)
MPRegen  0.13/turn              (no ring)

@: gold aura
A: no striking features
a: Potion Petition, Call Merchant, Bribe Branch, Renounce Religion


You were on level 10 of the Dungeon.
You worshipped Gozag.
Gozag was aware of your devotion.
You were not hungry.

You visited 2 branches of the dungeon, and saw 11 of its levels.

You collected 506 gold pieces.
You paid 139 gold pieces to Gozag.

Inventory:

Hand Weapons
 a - a +1 quarterstaff (weapon)
Missiles
 d - 4 throwing nets
 e - 167 stones (quivered)
 j - 4 needles of frenzy
 n - 16 sling bullets
Armour
 b - a +0 pair of boots (worn)
 w - a +0 cloak (worn)
 y - a +1 pair of gloves (worn)
 F - a +0 helmet (worn)
 K - a +1 scale mail of fire resistance (worn)
Wands
 t - a wand of random effects (9)
 x - a wand of polymorph (3)
 A - a wand of iceblast (6)
 I - a wand of flame (17)
 M - a wand of disintegration (6)
Scrolls
 g - 6 scrolls of teleportation
 h - 3 scrolls of fear
 i - 3 scrolls of enchant weapon
 p - 11 scrolls of remove curse
 r - 3 scrolls of identify
 s - 2 scrolls of fog
 C - a scroll of enchant armour
Potions
 k - a potion of flight
 l - a potion of heal wounds
 m - 2 potions of brilliance
 q - 2 potions of resistance
 u - 2 potions of ambrosia
 v - 3 potions of curing
 B - 3 potions of lignification
 E - a potion of might
Miscellaneous
 L - a fan of gales (inert)
Comestibles
 f - 14 rations


   Skills:
 + Level 7.5 Fighting
 * Level 10.8 Staves
 - Level 2.0 Throwing
 + Level 6.1 Armour
 - Level 3.0 Dodging
 + Level 4.7 Evocations


You had 9 spell levels left.
You didn't know any spells.
Your spell library was empty.

Dungeon Overview and Level Annotations

Branches:
Dungeon (10/15)            Temple (1/1) D:7            Lair (0/6) D:10
    Orc: D:9-12

Altars:
Ashenzari
Cheibriados
Dithmenos
Elyvilon
Fedhas
Gozag
Hepliaklqana
Kikubaaqudgha
Makhleb
Nemelex Xobeh
Okawaru
Qazlal
Ru
Sif Muna
Trog
Uskayaw
Vehumet
Wu Jian
Xom
Yredelemnul
Zin
The Shining One

Shops:
D:10 }

Annotations:
D:7 3 runed doors, mad's ghost, novice TeAE


Message History

The cyclops is heavily wounded.
The cyclops closely misses you.
You hit the cyclops but do no damage.
The cyclops is heavily wounded.
You hit the cyclops but do no damage.
The cyclops is heavily wounded.
The cyclops hits you!!
You hit the cyclops.
The cyclops is heavily wounded.
The hound becomes distracted by your gold, dreaming of imaginary riches.
The cyclops hits you!!
* * * LOW HITPOINT WARNING * * *
The hound barks!
You completely miss the cyclops.
The cyclops is heavily wounded.
You sock the cyclops!
The cyclops is almost dead.
The cyclops hits you!
You die...
Your body crumbles into a pile of gold.

############
#..........#
#..........#
#..........#
#..........#
#..........########
#.....#####.......#
#.....#...#C......#
#..C..#...@.......#
#.....#...#.......#
#.....#####h......#
###### #.......#
#.......# $
#.......# #.......#
#.......# #.......#


You could see a cyclops and a hound.

Vanquished Creatures
  A komodo dragon (D:6)
  A hornet (D:9)
  Sigmund (D:5)
  A spriggan (D:7)
  A hungry ghost (D:7)
  A steam dragon (D:5)
  Edmund (D:6)
  Menkaure (D:7)
  A water moccasin (D:9)
  Duvessa (D:4)
  2 sky beasts
  An orc warrior (D:9)
  6 ogres
  2 ice beasts
  3 phantoms
  A necrophage (D:8)
  2 centaurs
  A tengu (D:5)
  A big kobold (D:9)
  2 bullfrogs
  Dowan (D:4)
  A scorpion (D:8)
  A water moccasin skeleton (D:9)
  A howler monkey (D:6)
  4 crimson imps
  A bullfrog zombie (D:8)
  3 orc priests
  7 orc wizards
  2 bullfrog skeletons
  2 jellies
  3 hounds
  A centaur skeleton (D:9)
  2 iguanas
  Natasha (thrice) (D:2)
  4 worker ants
  A hound zombie (D:6)
  4 gnolls
  9 adders
  A shadow imp (D:7)
  3 oozes
  3 adder skeletons
  2 worms
  3 dart slugs
  5 leopard geckos
  21 orcs
  9 bats
  10 giant cockroaches
  9 hobgoblins
  21 jackals
  5 quokkas
  A ball python skeleton (D:4)
  5 frilled lizards
  A giant cockroach zombie (D:5)
  8 goblins
  12 kobolds
  10 rats
210 creatures vanquished.

Notes
Turn   | Place    | Note
-------+----------+-------------------------------------------
     0 | D:1      | EvilAliv3 the Human Gladiator began the quest for the Orb.
     0 | D:1      | Reached XP level 1. HP: 16/16 MP: 1/1
   134 | D:1      | Reached XP level 2. HP: 17/22 MP: 2/2
   547 | D:1      | Reached XP level 3. HP: 28/28 MP: 3/3
   893 | D:1      | Reached skill level 4 in Staves
  1149 | D:2      | Reached XP level 4. HP: 17/34 MP: 4/4
  1617 | D:2      | Found a faded altar of an unknown god.
  1870 | D:2      | Noticed Natasha
  1887 | D:2      | Killed Natasha
  1887 | D:2      | Reached XP level 5. HP: 28/41 MP: 5/5
  1981 | D:2      | Noticed Natasha
  1993 | D:2      | Killed Natasha
  1993 | D:2      | Reached skill level 5 in Staves
  2141 | D:2      | Noticed Natasha
  2164 | D:2      | Killed Natasha
  2555 | D:3      | Noticed a centaur
  2572 | D:3      | HP: 2/41 [centaur (4)]
  2576 | D:3      | Killed a centaur
  2576 | D:3      | Reached XP level 6. HP: 3/48 MP: 6/6
  2945 | D:3      | Reached skill level 6 in Staves
  3435 | D:3      | Reached XP level 7. HP: 38/54 MP: 7/7
  3620 | D:3      | Found a bloodstained altar of Trog.
  3935 | D:4      | Noticed Dowan
  3944 | D:4      | Killed Dowan
  3944 | D:4      | Reached skill level 1 in Armour
  3944 | D:4      | Noticed Duvessa
  3962 | D:4      | Killed Duvessa
  4370 | D:4      | Found a shadowy altar of Dithmenos.
  4783 | D:5      | Entered Level 5 of the Dungeon
  4822 | D:5      | Reached skill level 7 in Staves
  4857 | D:5      | Found a hazy altar of Hepliaklqana.
  4888 | D:5      | Reached XP level 8. HP: 61/61 MP: 8/8
  5103 | D:5      | HP: 2/61 [orc warrior/+0 scimitar (15)]
  5396 | D:5      | Found a radiant altar of Vehumet.
  5412 | D:5      | Reached skill level 5 in Fighting
  5799 | D:5      | Noticed Sigmund
  6204 | D:6      | Found a shimmering altar of Xom.
  6255 | D:6      | Reached skill level 8 in Staves
  6385 | D:6      | Noticed Edmund
  6706 | D:6      | Reached XP level 9. HP: 69/69 MP: 9/9
  6952 | D:7      | Found a runed gate.
  6952 | D:7      | Noticed mad's ghost (novice TeAE)
  6977 | D:7      | Noticed a komodo dragon
  6987 | D:7      | Noticed a hippogriff
  7141 | D:6      | Killed Edmund
  7141 | D:6      | Reached skill level 1 in Evocations
  7195 | D:7      | Found a staircase to the Ecumenical Temple.
  7204 | Temple   | Entered the Ecumenical Temple
  7528 | D:7      | Reached skill level 9 in Staves
  7582 | D:6      | Noticed a troll
  7582 | D:6      | a hippogriff changed into a troll
  7583 | D:6      | Noticed a komodo dragon
  7583 | D:6      | a troll changed into a komodo dragon
  7595 | D:6      | Killed a komodo dragon
  7866 | D:7      | Found a runed gate.
  7866 | D:7      | Found a runed gate.
  7966 | D:7      | Noticed Menkaure
  7977 | D:7      | Killed Menkaure
  8366 | D:8      | Found a radiant altar of Vehumet.
  8366 | D:8      | Found an ancient bone altar of Kikubaaqudgha.
  8373 | D:8      | Reached skill level 5 in Armour
  8467 | D:8      | Reached XP level 10. HP: 74/77 MP: 12/12
  8777 | D:8      | Reached skill level 10 in Staves
  9564 | D:5      | Killed Sigmund
  9741 | D:9      | Found an iron altar of Okawaru.
  9849 | D:9      | Found an opulent altar of Gozag.
  9854 | D:9      | Became a worshipper of Gozag Ym Sagoz the Greedy
 10058 | D:9      | Found a shadowy altar of Dithmenos.
 10106 | D:9      | Found a sacrificial altar of Ru.
 10241 | D:9      | Found a glowing golden altar of the Shining One.
 10319 | D:9      | Found a faded altar of an unknown god.
 10319 | D:9      | Found a burning altar of Makhleb.
 10324 | D:9      | Found an ornate altar of the Wu Jian Council.
 10326 | D:9      | Found a sacrificial altar of Ru.
 10327 | D:9      | Found a deep blue altar of Sif Muna.
 10420 | D:10     | Entered Level 10 of the Dungeon
 10420 | D:10     | Found Begolaev's Gadget Shop.
 10481 | D:10     | Found a staircase to the Lair.
 10974 | D:10     | Noticed a cyclops
 11003 | D:10     | Slain by a cyclops

Vault maps used:
D:1:      dpeg_arrival_prison, serial_bayou_crossing
D:2:      first_ration, chequers_ecumenical_altar_simple_redux, st_stairs_14,
          uniq_natasha
D:3:      marbit_many_paths, hangedman_abyss_or_decor_lesser_grid,
          kennysheep_nub, minmay_misc_feat_encased, kennysheep_nondescript,
          minmay_mini_jars
D:4:      nicolae_dithmenos_through_a_glass_darkly, uniq_duvessa
D:5:      overflow_temple_1_default, basic_altar, minmay_divided_ellipse,
          uniq_sigmund
D:6:      xom_butterflies, minmay_misc_feat_rugged, uniq_edmund
D:7:      minmay_temple_entry_large_hall, gammafunk_ghost_split, the_bakery,
          bh_walls_and_bars, uniq_menkaure
D:8:      chequers_temple_overflow_statue_of_worship
D:9:      overflow_temple_1_default, kennysheep_mini_moat,
          nicolae_overflow_crystal_walls, okawaru_trees_1,
          chequers_temple_overflow_minitemple, nicolae_ru_path_of_blood
D:10:     lair_entry_dummy, serial_shops, shop
Temple:   compressed_dpeg_triangle_lava_temple

Skill      XL: |  1  2  3  4  5  6  7  8  9 10 |
---------------+-------------------------------+-----
Staves         | 4 5 6 7 8 9 10 | 10.8
Fighting       | 3 4 5 6 7 |  7.5
Armour         | 2 3 5 6 |  6.1
Evocations     | 3 4 |  4.7
Throwing       | |  2.0
Dodging        | |  3.0

Action                   |  1- 3 |  4- 6 |  7- 9 | 10-12 || total
-------------------------+-------+-------+-------+-------++-------
Melee: Quarterstaff      |   101 |   227 |   415 |   205 ||   948
       Unarmed           |       |       |     3 |       ||     3
Throw: Stone             |       |       |     4 |       ||     4
Evoke: Wand              |       |       |    18 |    27 ||    45
       Fan of gales      |       |       |       |     1 ||     1
  Use: Potion            |       |     1 |     1 |       ||     2
       Scroll            |       |       |    13 |     4 ||    17
 Stab: Sleeping          |     1 |       |       |       ||     1
       Confused          |       |       |     3 |       ||     3
       Paralysed         |       |       |       |     3 ||     3
  Eat: Chunk             |     1 |     7 |    14 |     5 ||    27
       Ration            |       |       |     4 |     1 ||     5
Armor: Leather armour    |    30 |       |       |       ||    30
       Chain mail        |       |   146 |    46 |       ||   192
       Ring mail         |       |       |   100 |    45 ||   145
       Skin              |       |       |     1 |       ||     1
       Scale mail        |       |       |       |    16 ||    16
Dodge: Dodged            |    60 |    78 |   176 |    81 ||   395

Table legend:
 A = Non-vault XP
 B = Vault XP
 C = Vault XP percentage of total XP
 D = Non-vault monster count
 E = Vault monster count
 F = Vault count percentage of total count
                 A         B        C        D         E       F
            +---------+---------+-------+---------+---------+-------
      Total |    5265 |    1347 |  20.4 |     176 |      34 |  16.2
            +---------+---------+-------+---------+---------+-------
        D:1 |      55 |       4 |   6.8 |      27 |       3 |  10.0
        D:2 |     157 |      39 |  19.9 |      34 |       3 |   8.1
        D:3 |     220 |      63 |  22.3 |      17 |      11 |  39.3
        D:4 |     172 |     253 |  59.5 |      12 |       3 |  20.0
        D:5 |     610 |     442 |  42.0 |      18 |      11 |  37.9
        D:6 |    1025 |     169 |  14.2 |      23 |       1 |   4.2
        D:7 |     670 |     377 |  36.0 |      14 |       2 |  12.5
        D:8 |     830 |       0 |   0.0 |      14 |       0 |   0.0
        D:9 |    1266 |       0 |   0.0 |      15 |       0 |   0.0
       D:10 |     260 |       0 |   0.0 |       2 |       0 |   0.0
            +---------+---------+-------+---------+---------+-------
